 Dungeon Crawl Stone Soup version 0.22.1-2-g9c5b331 (webtiles) character file.

289 teukkam the Skirmisher (level 6, 0/55 HPs)
             Began as a Minotaur Fighter on Nov 22, 2018.
             Succumbed to a worker ant's poison
             ... on level 4 of the Dungeon.
             The game lasted 00:06:12 (1802 turns).

teukkam the Skirmisher (Minotaur Fighter)           Turns: 1802, Time: 00:06:12

Health: 0/55       AC:  7    Str: 23    XL:     6   Next: 9%
Magic:  5/5        EV:  7    Int:  5    God:
Gold:   83         SH: 10    Dex:  9    Spells: 5/5 levels left

rFire    . . .     SeeInvis .   a - +0 war axe
rCold    . . .     Gourm    .   c - +0 shield
rNeg     . . .     Faith    .   i - +0 scale mail
rPois    .         Spirit   .   (helmet restricted)
rElec    .         Reflect  .   (no cloak)
rCorr    +         Harm     .   (no gloves)
MR       .....                  (no boots)
Stlth    ..........             (no amulet)
HPRegen  0.18/turn              l - ring of resist corrosion
MPRegen  0.09/turn              (no ring)

@: lethally poisoned (0 -> -7), berserk cooldown, slowed, very slow
A: retaliatory headbutt, horns 2
a: no special abilities


You were on level 4 of the Dungeon.
You were not hungry.

You visited 1 branch of the dungeon, and saw 4 of its levels.

You collected 83 gold pieces.

Inventory:

Hand Weapons
 a - a +0 war axe (weapon)
 b - a +0 hunting sling
 e - a +1 vampiric dagger
Missiles
 h - 19 arrows
 j - 61 stones (quivered)
 k - 18 poisoned needles
 o - 21 bolts
Armour
 c - a +0 shield (worn)
 i - a +0 scale mail (worn)
Jewellery
 l - a ring of resist corrosion (left hand)
Scrolls
 d - 5 scrolls of identify {unknown}
 g - 3 scrolls of teleportation {unknown}
 m - a scroll of immolation {unknown}
Potions
 n - a potion of berserk rage
Comestibles
 f - 3 rations


   Skills:
 - Level 4.8 Fighting
 - Level 3.7 Axes
 + Level 3.7 Slings
 - Level 4.6 Armour
 - Level 4.6 Shields


You had 5 spell levels left.
You didn't know any spells.
Your spell library was empty.

Dungeon Overview and Level Annotations

Branches:
Dungeon (4/15)
 Temple: D:4-7

Altars:


Innate Abilities, Weirdness & Mutations

You reflexively headbutt those who attack you in melee.
You have a pair of horns on your head.


Message History

You are exhausted.
You feel yourself slow down.
* * * LOW HITPOINT WARNING * * *
You feel sick.
There is a stone staircase leading down here.
There is a lethal amount of poison in your body!
Okay, then.
Unknown command.
* * * LOW HITPOINT WARNING * * *
You feel sick.
There is a stone staircase leading down here.
* * * LOW HITPOINT WARNING * * *
You feel sick.
You climb downwards.
You hear the hiss of flowing sand.
There is an entrance to an ossuary on this level.
Hurry and find it before the
* * * LOW HITPOINT WARNING * * *
You feel sick.
There is a stone staircase leading up here.
You die...

..# ..# #.#
#.# #.# #.# #
#.#
#.#.#<###.##.
#....@.......
#.#.#####.##.
#. #


There were no monsters in sight!

Vanquished Creatures
  Sigmund (D:2)
  A crimson imp (D:3)
  A worker ant (D:4)
  An adder (D:2)
  4 worms (D:2)
  A dart slug (D:2)
  A ball python (D:1)
  7 giant cockroaches
  4 goblins
  8 hobgoblins
  2 jackals (D:4)
  5 bats
  4 frilled lizards
  5 kobolds
  6 rats
51 creatures vanquished.

Notes
Turn   | Place    | Note
-------+----------+-------------------------------------------
     0 | D:1      | teukkam the Minotaur Fighter began the quest for the Orb.
     0 | D:1      | Reached XP level 1. HP: 19/19 MP: 0/0
   146 | D:1      | Reached XP level 2. HP: 27/27 MP: 1/1
   444 | D:2      | Reached skill level 1 in Slings
   444 | D:2      | Reached XP level 3. HP: 33/33 MP: 2/2
   512 | D:2      | Noticed Sigmund
   540 | D:2      | Killed Sigmund
   540 | D:2      | Reached XP level 4. HP: 14/41 MP: 3/3
   540 | D:2      | Reached XP level 5. HP: 16/47 MP: 4/4
  1784 | D:4      | Reached XP level 6. HP: 40/55 MP: 5/5
  1800 | D:3      | HP: 2/55 [poisoned by a worker ant]
  1802 | D:4      | Succumbed to a worker ant's poison

Skill      XL: |  1  2  3  4  5 |
---------------+----------------+-----
Fighting       | 4 |  4.8
Slings         | 1 2 3 |  3.7
Armour         | 4 |  4.6
Shields        | 4 |  4.6
Axes           | 3 |  3.7

Action                   |  1- 3 |  4- 6 || total
-------------------------+-------+-------++-------
Melee: War axe           |    37 |    46 ||    83
       Headbutt          |     8 |     8 ||    16
 Fire: Hunting sling     |    31 |    29 ||    60
  Use: Potion            |     2 |     1 ||     3
  Eat: Chunk             |       |     3 ||     3
Armor: Scale mail        |    18 |    21 ||    39
Dodge: Dodged            |    11 |    16 ||    27
Block: Shield            |    19 |    29 ||    48
